 Dungeon Crawl Stone Soup version 0.22.1-5-g62c59d9 (webtiles) character file.

16 Goblin1989 the Shield-Bearer (level 2, 24/27 HPs)
             Began as a Deep Dwarf Fighter on Jan 8, 2019.
             Quit the game on level 1 of the Dungeon.
             The game lasted 00:00:58 (253 turns).

Goblin1989 the Shield-Bearer (Deep Dwarf Fighter)    Turns: 253, Time: 00:00:59

Health: 24/27      AC:  6    Str: 19    XL:     2   Next: 37%
Magic:  2/2        EV:  7    Int:  8    God:
Gold:   0          SH:  9    Dex: 12    Spells: 1/1 levels left

rFire    . . .     SeeInvis .   a - +0 war axe
rCold    . . .     Gourm    .   c - +0 shield
rNeg     . . .     Faith    .   b - +0 scale mail
rPois    .         Spirit   .   (no helmet)
rElec    .         Reflect  .   (no cloak)
rCorr    .         Harm     .   (no gloves)
MR       .....                  (no boots)
Stlth    ..........             (no amulet)
HPRegen  0.00/turn              (no ring)
MPRegen  0.08/turn              (no ring)

@: non-regenerating
A: damage resistance, heal wounds, sense surroundings 1, no regeneration
a: Heal Wounds


You were on level 1 of the Dungeon.
You were not hungry.

You visited 1 branch of the dungeon, and saw 1 of its levels.

Inventory:

Hand Weapons
 a - a +0 war axe (weapon)
Missiles
 g - 21 arrows
Armour
 b - a +0 scale mail (worn)
 c - a +0 shield (worn)
Scrolls
 i - a scroll of remove curse {unknown}
 j - a scroll of teleportation {unknown}
Potions
 d - a potion of might {@q4}
 h - a potion of haste {unknown}
Comestibles
 e - 2 rations
 f - 7 chunks of flesh


   Skills:
 + Level 2.8 Fighting
 * Level 2.7 Axes
 + Level 3.4 Armour
 + Level 3.5 Shields


You had one spell level left.
You didn't know any spells.
Your spell library was empty.

Dungeon Overview and Level Annotations

Branches:
Dungeon (1/15)

Altars:


Innate Abilities, Weirdness & Mutations

You are resistant to damage.
You can heal yourself by infusing magical energy.
You passively map a small area around you.
You do not regenerate.


Message History

A frilled lizard comes into view.
The frilled lizard hisses angrily.
You see here a scroll labeled GARPHAD XAIKLA.
A frilled lizard is nearby!
The frilled lizard bites you.
You hit the frilled lizard but do no damage.
You block the frilled lizard's attack.
You barely miss the frilled lizard. You block the frilled lizard's attack.
The frilled lizard barely misses you.
You miss the frilled lizard. The frilled lizard closely misses you.
You miss the frilled lizard. The frilled lizard barely misses you.
You block the frilled lizard's attack.
You miss the frilled lizard. You block the frilled lizard's attack.
You closely miss the frilled lizard.
The frilled lizard bites you but does no damage.
The frilled lizard closely misses you.
You closely miss the frilled lizard.
The frilled lizard bites you but does no damage.
You slash the frilled lizard!
You kill the frilled lizard!
No target in view!
No target in view!
No target in view!
No target in view!
No target in view!
No target in view!
No target in view!
No target in view!
Saving game... please wait.
Welcome back, Goblin1989 the Deep Dwarf Fighter.
Press ? for a list of commands and other information.
i - a scroll labeled GARPHAD XAIKLA Key pressed, stopping explore.
A hobgoblin comes into view.
The hobgoblin shouts!
You see here a scroll labeled FEDEVU EDEETU.
The hobgoblin hits you but does no damage.
You hit the hobgoblin.
The hobgoblin is severely wounded.
The hobgoblin hits you but does no damage.
You slash the hobgoblin!
You kill the hobgoblin!
No target in view!
No target in view!
No target in view!
No target in view!
No target in view!
No target in view!
No target in view!
No target in view!
No target in view!
No target in view!
No target in view!
No target in view!
No target in view!
No target in view!
No target in view!
No target in view!
No target in view!
No target in view!
No target in view!
You butcher the hobgoblin corpse.
f - 8 chunks of flesh (gained 3)
You see here a hobgoblin skeleton. x2
j - a scroll labeled FEDEVU EDEETU Some of the chunks of flesh in your inventory have rotted away.
A hobgoblin comes into view.
The hobgoblin shouts!
A hobgoblin is nearby!
The hobgoblin barely misses you.
You hit the hobgoblin.
The hobgoblin is moderately wounded.
The hobgoblin barely misses you. You block the hobgoblin's attack.
You hit the hobgoblin.
The hobgoblin is heavily wounded.
The hobgoblin hits you.
You take 1 damage, and have 24/27 hp.
You hit the hobgoblin.
You kill the hobgoblin!
No target in view!
No target in view!
No target in view!
No target in view!
No target in view!
No target in view!
No target in view!
No target in view!
No target in view!
No target in view!
No target in view!
No target in view!
No target in view!
No target in view!
No target in view!
No target in view!
No target in view!
No target in view!
No target in view!
No target in view!
Are you sure you want to abandon this character and quit the game? (Confirm

..·.. · .... ·█........
· ...█.▓ ...█▓ ██.████▲█
·· ...█.█▲██...█▓ █..█
█.█
........█...██.███.███.█
· .............█.█
█...... ·
.........███.█.█ ██.....
█...........█.████.....
█.████.█.█.÷█..........
·█...@█.█..█.....)....
··
█......█.█..█..........
·
.....██.█.█.............
· ▓ .....
..█.██.█.......... ▓
▓██..
·..█.██.█.......... ██
█.██.██.██......... ▓ █.
··▓█............ · ██
██████.████.█ █.██..>█


There were no monsters in sight!

Vanquished Creatures
  A dart slug (D:1)
  A giant cockroach (D:1)
  A goblin (D:1)
  2 hobgoblins (D:1)
  3 jackals (D:1)
  2 bats (D:1)
  A frilled lizard (D:1)
  A kobold (D:1)
  A rat (D:1)
13 creatures vanquished.

Notes
Turn   | Place    | Note
-------+----------+-------------------------------------------
     0 | D:1      | Goblin1989 the Deep Dwarf Fighter began the quest for the
                  | Orb.
     0 | D:1      | Reached XP level 1. HP: 20/20 MP: 1/1
   165 | D:1      | Reached XP level 2. HP: 25/27 MP: 2/2
   253 | D:1      | Quit the game

Action                   || total
-------------------------++-------
Melee: War axe           ||    39
Armor: Scale mail        ||    19
Dodge: Dodged            ||    18
Block: Shield            ||    28

Vault maps used:
D:1:      eino_arrival_tree_alley
